 Dungeon Sprint DCSS version 0.28-a0-80-g9707f7362f (webtiles) character file.

Game seed: 12778427796607077207

8584 Conn the Arsonist (level 11, -2/93 HPs)
             Began as an Octopode Fire Elementalist on Aug 5, 2021.
             Was a High Priest of Sif Muna.
             Slain by a demonic crawler (4 damage)
             ... in the Dungeon (Sprint I: "Red Sonja").
             The game lasted 00:32:43 (3087 turns).

Conn the Arsonist (Octopode Fire Elementalist)      Turns: 3087, Time: 00:32:46

Health: -2/93      AC: 10    Str:  8    XL:     11   Next: 33%
Magic:  27/35      EV: 14    Int: 23    God:    Sif Muna [*****.]
Gold:   334        SH:  5    Dex:  9    Spells: 8/33 levels left

rFire   + + +      SeeInvis .   l - +7 trident of Omosch {vorpal, *Noise +Rage rN++ Int+2}
rCold   . . .      Faith    .   j - +0 buckler {AC+3}
rNeg    + + .      Spirit   .   (helmet restricted)
rPois   +          Reflect  .   (no amulet)
rElec   .          Harm     .   m - ring "Jonomafad" {rPois rF+++ Will+ rCorr MP+9 Dex-3}
rCorr   +          Rampage  .   (no ring)
Will    +....      NoTele   +   (no ring)
Stlth   ..........              (no ring)
HPRegen 0.25/turn               (no ring)
MPRegen 0.24/turn               (no ring)
                                (no ring)
                                (no ring)

@: berserking, ice-armoured, unable to read, very quick
A: almost no armour, amphibious, 8 rings, camouflage 1, gelatinous body 1,
(nimble swimmer 1), tentacles, wild magic 1, inability to read while threatened
a: Renounce Religion, Evoke Berserk Rage, Channel Magic, Forget Spell, Divine
Exegesis


You were in the Dungeon.
You worshipped Sif Muna.
Sif Muna was extremely pleased with you.
You visited 1 branch You collected 1908 gold pieces.
You spent 1574 gold pieces at shops.

Inventory:

Hand Weapons
 e - a +0 falchion
 h - a +2 short sword of venom
 l - the +7 trident of Omosch (weapon) {vorpal, *Noise +Rage rN++ Int+2}
   (You bought it in a shop in the Dungeon)

   It inflicts extra damage upon your enemies.
   Int:       It affects your intelligence (+2).
   rN:        It greatly protects you from negative energy.
   +Rage:     It lets you go berserk.
   *Noise:    It may make noises in combat.
Missiles
 i - 4 curare-tipped darts
Armour
 j - a +0 buckler of protection (worn)
Jewellery
 m - the ring "Jonomafad" (left tentacle) {rPois rF+++ Will+ rCorr MP+9 Dex-3}
   (You bought it in a shop in the Dungeon)

   [ring of willpower]

   Dex:       It affects your dexterity (-3).
   rF:        It renders you almost immune to fire.
   rPois:     It protects you from poison.
   MP:        It affects your magic capacity (+9).
   rCorr:     It protects you from acid and corrosion.
   Will:      It increases your willpower.
Wands
 a - a wand of flame (2)
Scrolls
 b - a scroll of identify {unknown}
 f - a scroll of blinking
Potions
 d - 2 potions of magic
 g - 2 potions of heal wounds
 k - 2 potions of curing


   Skills:
 + Level 0.5 Fighting
 + Level 0.2 Short Blades
 + Level 1.5 Polearms
 + Level 7.0 Dodging
 - Level 5.6 Stealth
 * Level 7.9 Shields
 + Level 11.9 Spellcasting
 * Level 11.8 Conjurations
 + Level 4.0 Hexes
 - Level 5.1 Summonings
 + Level 14.6 Fire Magic
 * Level 0.6 Ice Magic
 - Level 7.0 Invocations
 + Level 4.8 Evocations


You had 8 spell levels left.
You knew the following spells:

 Your Spells              Type           Power      Damage    Failure   Level
a - Foxfire               Conj/Fire      100%       2x1d9     1%          1
b - Conjure Flame         Conj/Fire      77%        6-21      1%          3
c - Inner Flame           Hex/Fire       65%        N/A       1%          3
d - Sticky Flame          Conj/Fire      77%        2d9       1%          4
e - Fireball              Conj/Fire      38%        3d16      1%          5
f - Call Canine Familiar  Summ           48%        N/A       3%          3
g - Summon Guardian Gole  Hex/Summ       45%        N/A       4%          3
h - Ozocubu's Armour      Ice            21%        N/A       16%         3

Your spell library contained the following spells:

 Spells                   Type           Power      Damage    Failure   Level
 Summon Small Mammal      Summ           100%       N/A       1%          1
 Passwall                 Tmut/Erth      14%        N/A       11%         2
 Sublimation of Blood     Necr           8%         N/A       11%         2
 Cause Fear               Hex            21%        N/A       13%         4
 Swiftness                Air            17%        N/A       21%         3
 Animate Dead             Necr           8%         N/A       52%         4
 Olgreb's Toxic Radiance  Pois           17%        N/A       52%         4
 Ignition                 Fire           40%        3d12      67%         8
 Spellforged Servitor     Conj/Summ      31%        N/A       83%         7
 Excruciating Wounds      Necr           8%         N/A       85%         5
 Invisibility             Hex            21%        N/A       86%         6
 Death Channel            Necr           8%         N/A       100%        6
 Simulacrum               Ice/Necr       9%         N/A       100%        6
 Dragon Form              Tmut           8%         N/A       100%        7
 Ozocubu's Refrigeration  Ice            10%        4d7       100%        7
 Infestation              Necr           8%         N/A       100%        8
 Necromutation            Tmut/Necr      8%         N/A       100%        8
 Dragon's Call            Summ           24%        N/A       100%        9


Dungeon Overview and Level Annotations

Branches:
Dungeon (1/1)

Altars:
Cheibriados
Dithmenos
Elyvilon
Fedhas
Gozag
Hepliaklqana
Kikubaaqudgha
Makhleb
Nemelex Xobeh
Okawaru
Qazlal
Ru
Sif Muna
Trog
Uskayaw
Vehumet
Wu Jian
Xom
Yredelemnul
Zin
The Shining One
Jiyva
Lugonu

Shops:
D (!*?==:*!((::=((*(![[


Innate Abilities, Weirdness & Mutations

You cannot wear most types of armour.
You are amphibious.
You can wear up to eight rings at the same time.
Your skin changes colour to match your surroundings (Stealth+).
Your rubbery body absorbs attacks. (AC +1, EV +1)
((You are camouflaged near water. (Stealth+)))
You have tentacles for arms and can constrict up to eight enemies at once.
Your spells are a little harder to cast, but a little more powerful.
You sometimes lose the ability to read scrolls when taking damage.


Message History

You hit the demonic crawler. You squeeze the demonic crawler!
The demonic crawler is moderately wounded.
The demonic crawler hits you.
* * * LOW HITPOINT WARNING * * *
The demonic crawler hits you but does no damage.
The demonic crawler hits you.
* * * LOW HITPOINT WARNING * * *
The demonic crawler hits you but does no damage.
The demonic crawler misses you. The demonic crawler hits you.
* * * LOW HITPOINT WARNING * * *
You barely miss the demonic crawler.
The demonic crawler is moderately wounded.
You block the demonic crawler's attack. The demonic crawler misses you.
The demonic crawler barely misses you.
The demonic crawler hits you but does no damage.
The demonic crawler hits you.
* * * LOW HITPOINT WARNING * * *
The demonic crawler barely misses you.
You puncture the demonic crawler!
The demonic crawler is heavily wounded.
The demonic crawler hits you.
* * * LOW HITPOINT WARNING * * *
You block the demonic crawler's attack. The demonic crawler barely misses you.
The demonic crawler closely misses you.
The demonic crawler hits you but does no damage.
The demonic crawler misses you.
You puncture the demonic crawler!
The demonic crawler is almost dead.
The demonic crawler hits you.
* * * LOW HITPOINT WARNING * * *
The demonic crawler barely misses you. x3; The demonic crawler hits you!
* * * LOW HITPOINT WARNING * * *
The demonic crawler closely misses you.
You hit the demonic crawler.
Your squeeze misses the demonic crawler.
The demonic crawler is almost dead.
You block the demonic crawler's attack.
The demonic crawler hits you but does no damage.
The demonic crawler closely misses you. The demonic crawler hits you.
You die...

####_..__##_.#'##'#####§###
#_____###'#.#.(.)###§'.#
############.####'###.###.#
#∩....8s§.'[..'.....'.∩##.#
###''''####...###########§#
#.......####.###.......##§#
#........#.#'#.#........'.#
#..#.....#.ss..#...######§#
#........#.8@[.#......§.#§#
#.....#..#######....§§§#§.#
#........##..}.....§§§≈####
#..#.....##[()......§≈≈#
#........###.......≈≈≈##
###''''### ###..≈≈≈≈###
#∩......∩####'######'###
#........##∩∩########∩∩#
#∩......∩###∩∩∩∩∩∩∩∩∩∩##


You could see 2 demonic crawlers and a friendly guardian golem (summoned).

Vanquished Creatures
  2 centaur warriors (D)
  Sonja (D)
  A deep troll (D)
  3 shining eyes (D)
  An oklob plant (D)
  2 unseen horrors (D)
  2 kobold demonologists (D)
  2 demonic crawlers (D)
  A hornet (D)
  A slime creature (D)
  2 redbacks (D)
  Sigmund (D)
  A yak (D)
  4 floating eyes (D)
  7 necrophages (D)
  An ogre (D)
  8 jellies (D)
  Ijyb (D)
  2 ballistomycete spores (D)
43 creatures vanquished.

Vanquished Creatures (collateral kills)
  5 shining eyes (D)
  2 floating eyes (D)
7 creatures vanquished.

Vanquished Creatures (others)
  A gargoyle (D)
  77 foxfires (D)
78 creatures vanquished.

Grand Total: 128 creatures vanquished

Notes
Turn   | Place    | Note
-------+----------+-------------------------------------------
     0 | D        | Conn the Octopode Fire Elementalist began the quest for the
                  | Orb.
     0 | D        | Reached XP level 1. HP: 11/11 MP: 3/3
     2 | D        | Noticed Ijyb
    14 | D        | Killed Ijyb
    15 | D        | Reached skill level 5 in Fire Magic
    15 | D        | Reached XP level 2. HP: 17/17 MP: 3/6
    15 | D        | Reached XP level 3. HP: 21/21 MP: 3/7
    51 | D        | Learned a level 3 spell: Conjure Flame
    55 | D        | Learned a level 3 spell: Inner Flame
    64 | D        | Noticed an ogre
    72 | D        | Killed an ogre
    73 | D        | Reached skill level 7 in Fire Magic
    73 | D        | Reached XP level 4. HP: 27/27 MP: 0/10
   174 | D        | Learned a level 4 spell: Sticky Flame
   174 | D        | Noticed Sigmund
   180 | D        | Killed Sigmund
   181 | D        | Reached skill level 5 in Stealth
   181 | D        | Reached skill level 5 in Spellcasting
   181 | D        | Reached skill level 9 in Fire Magic
   181 | D        | Reached XP level 5. HP: 31/31 MP: 5/13
   181 | D        | Reached XP level 6. HP: 36/36 MP: 5/14
   247 | D        | Learned a level 5 spell: Fireball
   257 | D        | Found an ornate altar of the Wu Jian Council.
   257 | D        | Found a shimmering blue altar of Sif Muna.
   259 | D        | Found a radiant altar of Vehumet.
   263 | D        | Became a worshipper of Sif Muna the Loreminder
   272 | D        | Reached skill level 5 in Dodging
   315 | D        | Found Souc's Magic Scroll Emporium.
   315 | D        | Found an ancient bone altar of Kikubaaqudgha.
   315 | D        | Found a hazy altar of Hepliaklqana.
   315 | D        | Found a stormy altar of Qazlal.
   315 | D        | Found a hide-covered altar of Uskayaw.
   315 | D        | Found a blossoming altar of Fedhas.
   315 | D        | Found a bloodstained altar of Trog.
   315 | D        | Found an iron altar of Okawaru.
   315 | D        | Found a basalt altar of Yredelemnul.
   315 | D        | Found a glowing golden altar of the Shining One.
   315 | D        | Found a snail-covered altar of Cheibriados.
   315 | D        | Found a sacrificial altar of Ru.
   315 | D        | Found a glowing silver altar of Zin.
   315 | D        | Found a shadowy altar of Dithmenos.
   315 | D        | Found a white marble altar of Elyvilon.
   315 | D        | Noticed a yak
   333 | D        | Killed a yak
   334 | D        | Reached skill level 10 in Fire Magic
   334 | D        | Reached XP level 7. HP: 41/41 MP: 5/16
   341 | D        | Found an opulent altar of Gozag.
   342 | D        | Found a sparkling altar of Nemelex Xobeh.
   414 | D        | Found a burning altar of Makhleb.
   414 | D        | Found a viscous altar of Jiyva.
   414 | D        | Found a shimmering altar of Xom.
   414 | D        | Found a corrupted altar of Lugonu.
   414 | D        | Noticed a slime creature
   425 | D        | Killed a slime creature
   425 | D        | Reached * piety under Sif Muna
   426 | D        | Reached skill level 11 in Fire Magic
   517 | D        | Noticed Sonja
   519 | D        | Killed Sonja
   520 | D        | Reached skill level 5 in Conjurations
   520 | D        | Reached skill level 1 in Hexes
   520 | D        | Reached skill level 12 in Fire Magic
   520 | D        | Reached XP level 8. HP: 46/46 MP: 9/19
   600 | D        | Found Teiph's Weapon Boutique.
   620 | D        | Noticed a deep troll
   648 | D        | Killed a deep troll
   649 | D        | Reached XP level 9. HP: 51/51 MP: 1/21
   776 | D        | Found Laips's Armour Emporium.
   783 | D        | Bought a +0 buckler of protection for 149 gold pieces
   852 | D        | Noticed a centaur warrior
   852 | D        | Killed a centaur warrior
   852 | D        | Reached ** piety under Sif Muna
   853 | D        | Reached skill level 13 in Fire Magic
   854 | D        | Killed a centaur warrior
   983 | D        | Noticed a kobold demonologist
   984 | D        | Noticed a kobold demonologist
   985 | D        | Killed a kobold demonologist
   986 | D        | Reached XP level 10. HP: 56/56 MP: 12/23
   986 | D        | Killed a kobold demonologist
   986 | D        | Reached *** piety under Sif Muna
   987 | D        | Reached skill level 10 in Spellcasting
  1093 | D        | Reached skill level 5 in Shields
  1109 | D        | Noticed an oklob plant
  1122 | D        | Killed an oklob plant
  1123 | D        | Reached skill level 14 in Fire Magic
  1258 | D        | Reached skill level 10 in Conjurations
  1278 | D        | Reached **** piety under Sif Muna
  1339 | D        | Killed an unseen horror
  1339 | D        | Killed an unseen horror
  1342 | D        | Reached ***** piety under Sif Muna
  1344 | D        | Received a gift from Sif Muna
  1375 | D        | Found Seep Xosk's Antique Weapon Boutique.
  1433 | D        | Received a gift from Sif Muna
  1434 | D        | Got Garheet's Collected Works on the Glacier and the Escort
                  | {god gift}
  1623 | D        | Found Wiplaobb's Distillery.
  1624 | D        | Found Wulidual's Armour Emporium.
  1644 | D        | Found Lommak's Assorted Antiques.
  1644 | D        | Found Allam's Book Shop.
  1644 | D        | Found Netan's Distillery.
  1646 | D        | Found Wett's Weapon Emporium.
  1646 | D        | Found Irphir Saxo's Antique Weapon Shop.
  1646 | D        | Found Lekost's Book Shoppe.
  1646 | D        | Found Hiylymig's Book Boutique.
  1646 | D        | Found Hookum's Jewellery Emporium.
  1646 | D        | Found Nieceuroi's Weapon Shop.
  1646 | D        | Found Oniryngu's Weapon Shoppe.
  1652 | D        | Found Sideamma's General Store.
  1686 | D        | Bought an ancient trident for 263 gold pieces
  1686 | D        | Identified the +7 trident of Omosch {vorpal, *Noise +Rage
                  | rN++ Int+2} (You bought it in a shop in the Dungeon)
  1742 | D        | Learned a level 3 spell: Call Canine Familiar
  1746 | D        | Learned a level 3 spell: Summon Guardian Golem
  1752 | D        | Noticed a shining eye
  1752 | D        | Noticed a shining eye
  1752 | D        | Noticed a shining eye
  1758 | D        | Paralysed by a floating eye for 2 turns
  1886 | D        | Killed a shining eye
  1887 | D        | Reached skill level 1 in Summonings
  1888 | D        | Gained mutation: Your spells are a little harder to cast,
                  | but a little more powerful. [a shining eye]
  2052 | D        | Killed a shining eye
  2053 | D        | Reached XP level 11. HP: 61/61 MP: 21/26
  2068 | D        | Paralysed by a floating eye for 3 turns
  2074 | D        | Noticed a shining eye
  2146 | D        | Noticed a shining eye
  2146 | D        | Noticed a shining eye
  2148 | D        | Paralysed by a floating eye for 3 turns
  2152 | D        | Paralysed by a floating eye for 3 turns
  2158 | D        | Paralysed by a floating eye for 3 turns
  2165 | D        | Paralysed by a floating eye for 4 turns
  2165 | D        | Killed a shining eye
  2165 | D        | Received a gift from Sif Muna
  2309 | D        | Killed a shining eye
  2314 | D        | Paralysed by a floating eye for 3 turns
  2321 | D        | Paralysed by a floating eye for 3 turns
  2338 | D        | Killed a shining eye
  2410 | D        | Killed a shining eye
  2453 | D        | Noticed a shining eye
  2453 | D        | Noticed a shining eye
  2470 | D        | Gained mutation: You sometimes lose the ability to read
                  | scrolls when taking damage. [a shining eye]
  2471 | D        | Killed a shining eye
  2472 | D        | Reached skill level 1 in Polearms
  2487 | D        | Killed a shining eye
  2487 | D        | Received a gift from Sif Muna
  2488 | D        | Reached skill level 5 in Summonings
  2488 | D        | Got Sif Muna's Incunabulum of Necromancy {god gift}
  2491 | D        | Found Kot Bigi's Distillery.
  2491 | D        | Found Dautu's Jewellery Boutique.
  2491 | D        | Found Mekewaich's General Store.
  2492 | D        | Found Puss's Jewellery Shop.
  2510 | D        | Bought the ring "Jonomafad" {rPois rF+++ Will+ rCorr MP+9
                  | Dex-3} for 1162 gold pieces
  2899 | D        | Learned a level 3 spell: Ozocubu's Armour
  3086 | D        | HP: 2/93 [demonic crawler (8)]
  3087 | D        | Slain by a demonic crawler

Illustrated notes

Levels and vault maps discovered:
D:        dungeon_sprint_1 [red_sonja_temple_1, red_sonja_temple_small_1]

Skill      XL: |  1  2  3  4  5  6  7  8  9 10 11 |
---------------+----------------------------------+-----
Stealth        | 3 4 5 |  5.6
Spellcasting   | 3 4 5 6 7 8 9 11 | 11.9
Fire Magic     | 5 7 9 10 12 13 14 | 14.6
Dodging        | 3 4 5 6 7 |  7.0
Conjurations   | 3 5 6 9 11 | 11.8
Invocations    | 4 6 7 |  7.0
Hexes          | 1 2 3 4 |  4.0
Evocations     | 2 3 4 |  4.8
Shields        | 4 7 |  7.9
Summonings     | 2 5 |  5.1
Polearms       | 1 |  1.5
Fighting       | |  0.5
Short Blades   | |  0.2
Ice Magic      | |  0.6

Action                   |  1- 3 |  4- 6 |  7- 9 | 10-12 || total
-------------------------+-------+-------+-------+-------++-------
Melee: Unarmed           |     6 |       |       |       ||     6
       Tentacles         |     1 |       |     1 |     7 ||     9
       Constrict         |     1 |       |       |     6 ||     7
       Falchion          |       |       |     1 |       ||     1
       Short sword       |       |       |       |     7 ||     7
       Trident           |       |       |       |    19 ||    19
 Cast: Foxfire           |     2 |    15 |    13 |    20 ||    50
       Conjure Flame     |     1 |     1 |     2 |     2 ||     6
       Inner Flame       |     1 |       |     1 |     3 ||     5
       Fireball          |       |       |     9 |    25 ||    34
       Sticky Flame      |       |       |     1 |     7 ||     8
       Call Canine Famil |       |       |       |    15 ||    15
       Summon Guardian G |       |       |       |    20 ||    20
       Ozocubu's Armour  |       |       |       |     1 ||     1
Invok: Channel Magic     |       |       |       |     1 ||     1
 Abil: Evoke Berserk Rag |       |       |       |     1 ||     1
Evoke: Wand              |     1 |       |     9 |       ||    10
  Use: Potion            |     3 |       |       |     1 ||     4
Armor: Skin              |       |       |       |    16 ||    16
Dodge: Dodged            |     3 |     2 |     2 |    34 ||    41
Block: Buckler           |       |       |       |    12 ||    12

Table legend: (Time is in decaauts)
 A = Elapsed time spent in this place.
 B = Non-inter-level travel time spent in this place.
 C = Inter-level travel time spent in this place.
 D = Time resting spent in this place.
 E = Time spent auto-exploring this place.
 F = Levels seen in this place.
 G = Mean time per level.
                   A        B        C        D        E       F      G
               +--------+--------+--------+--------+--------+-----+--------+
         Total |   3077 |   3050 |     27 |   1595 |      0 |   1 | 3077.0 |
       Dungeon |   3077 |   3050 |     27 |   1595 |      0 |   1 | 3077.0 |
               +--------+--------+--------+--------+--------+-----+--------+

Top non-repeatable levels by time:
       D: 3077 daAuts
